cohdb
Replays
Latest Replays
All Replays
Popular Replays
Top Player Replays
Match Explorer
How It Works
Community
CoH3 Stats
Reddit
Sign in to upload your games and track your stats! →
Sign in with Steam
Match 47267361
Unlisted
Match 47267361
Overview
Messages
Build Orders
End
Engineer Squad
Construct Barracks
Riflemen Squad
Riflemen Squad
Riflemen Squad
Construct Medical Station
Riflemen Squad
Grenade Package
Air Support Center
Selects Special Operations Battlegroup
Selects Raiding Flares
Selects SSF Commando Squad
Double Sortie
Air Supply
M1918 Browning Automatic Rifles
P-47 Strafing Run
Construct Weapon Support Center
P-47 Strafing Run
SSF Commando Squad
P-47 Dive Bomb
P-47 Strafing Run
Engineer Squad
Construct Tank Depot
P-47 Dive Bomb
P-47 Strafing Run
M4A1 Sherman Medium Tank
P-47 Strafing Run
P-47 Dive Bomb
Riflemen Squad
Selects Air Re-supply Operation
Selects M29 Weasel with M1 Pack Howitzer
Grasshopper Recon Run
SSF Commando Squad
Grasshopper Recon Run
P-47 Strafing Run
P-47 Dive Bomb
SSF Commando Squad
M4A1 Sherman Medium Tank
Grasshopper Recon Run
P-47 Dive Bomb
P-47 Strafing Run
M4A1 Sherman Medium Tank
Selects P-47 Anti-Infantry Loiter
Improved M9 Bazooka Rockets
M4A1 Sherman Medium Tank
P-47 Strafing Run
P-47 Dive Bomb
Herr Blautier
EPHX_Valkyrion
Franz Kafka
Vengeful One
0
0
Comments
sign in to comment!
No comments posted yet!